 Dungeon Crawl Stone Soup version 0.28-a0-194-g42b4daccc1 (webtiles) character file.

Game seed: 11633387503495236834

17 Spaninq the Ruffian (level 2, 0/25 HPs)
             Began as a Ghoul Warper on Aug 18, 2021.
             Was a Follower of Makhleb.
             Slain by Terence (10 damage)
             ... on level 2 of the Dungeon.
             The game lasted 00:02:18 (1204 turns).

Spaninq the Ruffian (Ghoul Warper)                  Turns: 1204, Time: 00:02:19

Health: 0/25       AC:  3    Str: 14    XL:     2   Next: 62%
Magic:  3/3        EV: 11    Int:  8    God:    Makhleb [*.....]
Gold:   48         SH:  0    Dex:  8    Spells: 4/4 levels left

rFire   . . .      SeeInvis .     - Unarmed
rCold   + . .      Faith    .   (no shield)
rNeg    + + +      Spirit   .   a - +0 leather armour
rPois   ∞          Reflect  .   (no helmet)
rElec   .          Harm     .   (no cloak)
rCorr   .          Rampage  .   (no gloves)
Will    .....                   (no boots)
Stlth   +.........              (no amulet)
HPRegen 0.00/turn               (no ring)
MPRegen 0.08/turn               (no ring)

@: inhibited regen
A: claws 1, cold resistance 1, negative energy resistance 3, inhibited
regeneration, torment resistance 2
a: Renounce Religion


You were on level 2 of the Dungeon.
You worshipped Makhleb.
Makhleb was aware of your devotion.
You visited 1 branch of the dungeon, and saw 2 of its levels.

You collected 48 gold pieces.

Inventory:

Hand Weapons
 h - a +0 hunting sling
Missiles
 c - 5 boomerangs of dispersal (quivered)
 i - 47 stones
Armour
 a - a +0 leather armour (worn)
Scrolls
 b - a scroll of blinking
 f - a scroll of magic mapping {unknown}
 g - a scroll of noise {unknown}
Potions
 d - a potion of resistance {unknown}
 e - a potion of curing {unknown}


   Skills:
 + Level 2.4 Fighting
 - Level 0.8 Throwing
 + Level 1.2 Armour
 + Level 2.0 Dodging
 * Level 2.7 Unarmed Combat
 - Level 1.7 Spellcasting
 - Level 2.6 Translocations


You had 4 spell levels left.
You didn't know any spells.
Your spell library contained the following spells:

 Spells                   Type           Power      Damage    Failure   Level
 Blink                    Tloc           N/A        N/A       22%         2
 Gell's Gravitas          Tloc           2%         N/A       41%         3
 Lesser Beckoning         Tloc           2%         N/A       41%         3
 Teleport Other           Tloc           5%         N/A       41%         3
 Manifold Assault         Tloc           5%         N/A       99%         5


Dungeon Overview and Level Annotations

Branches:
Dungeon (2/15)

Altars:
Makhleb

Shops:
D:2 *

Annotations:
D:2 Terence


Innate Abilities, Weirdness & Mutations

You thrive by killing the living.
You are immune to poison.
You have sharp fingernails.
Your flesh is cold resistant. (rC+)
You are immune to negative energy. (rN+++)
You do not regenerate when monsters are visible.
You are immune to unholy pain and torment.


Message History

The worm bites you.
You scratch the worm.
The worm is severely wounded.
You scratch the worm.
The worm is severely wounded.
The worm bites you.
You claw the worm!
You kill the worm!
Makhleb accepts your kill.
You feel better.
HP restored.
Terence the Incautious comes into view.
He is wielding a +0 flail.
Terence shouts!
h - a +0 hunting sling (weapon)
Fire: 50 stones
Press: ? - help, Q - select action, (/) - cycle Shift-Dir - straight line, f - Terence
Aim: Terence, wielding a +0 flail and wearing a +0 chain mail (62% to hit)
You shoot a stone. The stone barely misses Terence.
Terence asks, "Do you want it fast or slow?"
Fire: 49 stones
Press: ? - help, Q - select action, (/) - cycle Shift-Dir - straight line, f/p - Terence
Aim: Terence, wielding a +0 flail and wearing a +0 chain mail (62% to hit)
You shoot a stone.
The stone hits Terence but does no damage.
Fire: 48 stones
Press: ? - help, Q - select action, (/) - cycle Shift-Dir - straight line, f/p - Terence
Aim: Terence, wielding a +0 flail and wearing a +0 chain mail (62% to hit)
You shoot a stone. The stone closely misses Terence.
You are now empty-clawed.
You scratch Terence but do no damage. Terence hits you with a +0 flail!
You scratch Terence but do no damage. Terence says, "Did you write a will?
You should..."
Terence closely misses you.
You scratch Terence.
Terence is lightly wounded.
Terence hits you with a +0 flail.
You scratch Terence but do no damage.
Terence is lightly wounded.
Terence hits you with a +0 flail!
You die...

#.. #.. .(. #.#
#?# #.# #.# #.#
#(# #.### #.#
##...## #.##
######.###.###..#
#......# #..@@..#
#.####.###.######
#.# ##...## #.#
##.## #.# #.# #.#
#.# #.######.#
#.....##.#
#####.##.#


You could see Terence.

Vanquished Creatures
  A worm (D:2)
  3 bats (D:2)
  2 giant cockroaches (D:1)
  A hobgoblin (D:1)
  A quokka (D:1)
  A ball python (D:1)
  4 goblins
  2 rats
15 creatures vanquished.

Notes
Turn   | Place    | Note
-------+----------+-------------------------------------------
     0 | D:1      | Spaninq the Ghoul Warper began the quest for the Orb.
     0 | D:1      | Reached XP level 1. HP: 17/17 MP: 2/2
    97 | D:1      | Reached skill level 1 in Armour
   164 | D:1      | Found a faded altar of an unknown god.
   217 | D:1      | Became a worshipper of Makhleb the Destroyer
   217 | D:1      | Reached * piety under Makhleb
   537 | D:1      | Reached XP level 2. HP: 23/25 MP: 3/3
   968 | D:2      | Found Yces's Assorted Antiques.
  1193 | D:2      | Noticed Terence
  1204 | D:2      | Slain by Terence

Illustrated notes

Levels and vault maps discovered:
D:1:      minmay_arrival_wavy_path, layout_loops_ring,
          shapermc_ecumenical_altar_venn
D:2:      minmay_evil_eye, layout_loops_ring, serial_shops, shop,
          minmay_tromino_i2, uniq_terence

Skill      XL: |  1  2 |
---------------+-------+-----
Armour         | 1 |  1.2
Dodging        | 2 |  2.0
Fighting       | |  2.4
Throwing       | |  0.8
Unarmed Combat | |  2.7
Spellcasting   | |  1.7
Translocations | |  2.6

Action                   || total
-------------------------++-------
Melee: Unarmed           ||    51
 Fire: Hunting sling     ||     3
Armor: Leather armour    ||     8
Dodge: Dodged            ||    24

Table legend: (Time is in decaauts)
 A = Elapsed time spent in this place.
 B = Non-inter-level travel time spent in this place.
 C = Inter-level travel time spent in this place.
 D = Time resting spent in this place.
 E = Time spent auto-exploring this place.
 F = Levels seen in this place.
 G = Mean time per level.
                   A        B        C        D        E       F      G
               +--------+--------+--------+--------+--------+-----+--------+
         Total |   1202 |   1121 |     81 |    136 |    827 |   2 |  601.0 |
       Dungeon |   1202 |   1121 |     81 |    136 |    827 |   2 |  601.0 |
               +--------+--------+--------+--------+--------+-----+--------+

Top non-repeatable levels by time:
     D:1: 785 daAuts
     D:2: 416 daAuts
